 Dungeon Crawl Stone Soup version 0.25.0-9-g26727b657a (webtiles) character file.

Game seed: 16421604867005924347

10776 HungrySpirit the Cleaver (level 11, -3/104 HPs)
             Began as a Deep Dwarf Assassin on June 17, 2020.
             Was a Priest of Makhleb.
             Slain by a polar bear (8 damage)
             ... on level 10 of the Dungeon.
             The game lasted 00:26:35 (9396 turns).

HungrySpirit the Cleaver (Deep Dwarf Assassin)      Turns: 9396, Time: 00:26:36

Health: -3/104     AC: 18    Str: 18    XL:     11   Next: 40%
Magic:  13/13 (4)  EV:  7    Int: 12    God:    Makhleb [***...]
Gold:   365        SH:  0    Dex: 11    Spells: 10/10 levels left

rFire    . . .     SeeInvis .   t - +1 broad axe
rCold    . . .     Gourm    .   (no shield)
rNeg     . . .     Faith    .   x - +1 plate armour
rPois    .         Spirit   .   a - +2 helmet of Indemnity {Regen+ MP+9 Dex-3}
rElec    .         Reflect  +   b - scarf {repulsion}
rCorr    .         Harm     .   (no gloves)
MR       +....                  (no boots)
Stlth    ..........             J - amulet of reflection
HPRegen  0.00/turn              F - ring of wizardry
MPRegen  0.13/turn              (no ring)

@: non-regenerating, repel missiles
A: damage resistance, heal wounds, sense surroundings 2, no regeneration
a: Heal Wounds, Minor Destruction, Lesser Servant of Makhleb, Renounce Religion


You were on level 10 of the Dungeon.
You worshipped Makhleb.
Makhleb was most pleased with you.
You were not hungry.

You visited 2 branches of the dungeon, and saw 11 of its levels.

You collected 602 gold pieces.
You spent 237 gold pieces at shops.

Inventory:

Hand Weapons
 c - a +0 hand axe
 t - a +1 broad axe (weapon)
Missiles
 d - 27 poisoned darts (quivered)
 I - 5 atropa-tipped darts
Armour
 a - the +2 helmet of Indemnity (worn) {Regen+ MP+9 Dex-3}
   (You bought it in a shop on level 8 of the Dungeon)

   It affects your dexterity (-3).
   It affects your magic capacity (+9).
   It increases your rate of regeneration.
 b - a scarf of repulsion (worn)
 j - a +0 tower shield
 x - a +1 plate armour (worn)
Jewellery
 E - an uncursed ring of fire
 F - a ring of wizardry (left hand)
 J - an amulet of reflection (around neck)
Wands
 o - a wand of enslavement (11)
 u - a wand of polymorph (5)
 y - a wand of flame (16)
Scrolls
 e - 2 scrolls of identify
 g - 2 scrolls of fog
 k - 2 scrolls of enchant armour
 p - 2 scrolls of remove curse
 q - a scroll of noise
 r - a scroll of magic mapping {unknown}
 B - a scroll of enchant weapon
 G - a scroll of brand weapon {unknown}
 M - a scroll of fear
Potions
 h - 2 potions of flight
 i - a potion of stabbing {unknown}
 l - a potion of invisibility {unknown}
 n - a potion of haste
 s - a potion of might {unknown}
 v - a potion of heal wounds {unknown}
 w - a potion of cancellation {unknown}
 z - a potion of mutation {unknown}
 A - a potion of brilliance {unknown}
 H - a potion of resistance {unknown}
 K - 2 potions of berserk rage
 L - a potion of lignification {unknown}
Miscellaneous
 D - a phial of floods
Comestibles
 f - 6 rations
 m - 4 chunks of flesh


   Skills:
 + Level 8.8 Fighting
   Level 1.7 Short Blades
 * Level 12.6 Axes
 - Level 1.7 Throwing
 + Level 9.6 Armour
 + Level 3.7 Dodging
 - Level 4.8 Stealth
 + Level 3.4 Shields


You had 10 spell levels left.
You didn't know any spells.
Your spell library contained the following spells:

 Spells                   Type           Power        Failure   Level  Hunger
 Corona                   Hex            #......      95%         1    ##.....
 Sting                    Tmut/Pois      #...         95%         1    ##.....
 Poisonous Vapours        Pois/Air       #.....       98%         2    ###....
 Slow                     Hex            #.......     98%         2    ###....
 Ignite Poison            Fire/Tmut/Pois #.......     100%        3    ####...
 Inner Flame              Hex/Fire       #.......     100%        3    ####...
 Mephitic Cloud           Conj/Pois/Air  #.......     100%        3    ####...
 Portal Projectile        Hex/Tloc       #.....       100%        3    ####...
 Cause Fear               Hex            #.........   100%        4    #####..
 Leda's Liquefaction      Hex/Erth       #.........   100%        4    #####..
 Olgreb's Toxic Radiance  Pois           #.......     100%        4    #####..


Dungeon Overview and Level Annotations

Branches:
Dungeon (10/15)            Temple (1/1) D:7             Orc (0/2) D:9
   Lair: D:8-11

Altars:
Elyvilon
Fedhas
Gozag
Hepliaklqana
Kikubaaqudgha
Makhleb
Nemelex Xobeh
Ru
Trog
Uskayaw
Vehumet
Wu Jian
Xom
Yredelemnul
Zin

Shops:
D:5 :   D:8 *[

Annotations:
D:3 1 runed translucent door, Crazy Yiuf


Innate Abilities, Weirdness & Mutations

You are resistant to damage.
You can heal yourself by infusing magical energy.
You passively map the area around you.
You do not regenerate.


Message History

The polar bear bites you but does no damage.
The polar bear barely misses you.
The polar bear claws you but does no damage.
The polar bear barely misses you. The polar bear claws you.
* * * LOW HITPOINT WARNING * * *
The polar bear claws you but does no damage.
You hit the polar bear but do no damage.
The polar bear is severely wounded.
The polar bear bites you.
* * * LOW HITPOINT WARNING * * *
The polar bear claws you but does no damage. x2
You completely miss the polar bear.
The polar bear is severely wounded.
The polar bear bites you!!
* * * LOW HITPOINT WARNING * * *
The polar bear claws you but does no damage.
The polar bear claws you.
* * * LOW HITPOINT WARNING * * *
The polar bear bites you!
You die...

* * , ,, ,, * ..., * * *
#Z#* , * ** , * #Z# * , ,
#Z# , .. ,, * #h# * *,...
* *, * #h# #..# * ... #h#
#..# ... , #@# #..# ..8 *
, #.# #..# #.. * , #.#
#..# #. #.# #..# #. , *
#.# #..# #. , *,
#######.# #..#######. , ,
........######..........
........................
* *
*########################


You could see 3 polar bears, a bullfrog simulacrum and 2 centaur warrior
simulacra.

Vanquished Creatures
  Gastronok (D:8)
  Harold (D:9)
  2 two-headed ogres (D:8)
  Pikel (D:4)
  Maurice (D:9)
  A troll (D:9)
  2 hippogriffs
  A hornet (D:10)
  2 hungry ghosts
  6 ice beasts
  6 orc warriors
  4 phantoms
  2 slaves (D:4)
  A sky beast (D:9)
  4 ogres
  A wolf (D:10)
  A necrophage (D:9)
  A crocodile (D:7)
  3 centaurs
  3 big kobolds
  4 bullfrogs
  3 scorpions
  6 killer bees (D:9)
  4 electric eels (D:8)
  17 wights
  A bullfrog zombie (D:5)
  2 crimson imps
  4 hounds
  12 orc wizards
  2 centaur skeletons
  8 orc priests
  A jelly (D:8)
  A bullfrog skeleton (D:4)
  Terence (D:3)
  An iguana (D:6)
  10 worker ants
  A killer bee zombie (D:5)
  2 hound skeletons
  A worker ant zombie (D:8)
  Robin (D:3)
  13 adders
  A shadow imp (D:6)
  3 oozes
  2 worms
  3 dart slugs
  5 leopard geckos
  37 orcs
  7 bats
  4 giant cockroaches
  15 goblins
  8 hobgoblins
  5 jackals
  19 kobolds
  3 quokkas
  3 ball pythons
  4 frilled lizards
  A jackal zombie (D:5)
  A quokka skeleton (D:5)
  9 rats
  A plant (D:9)
270 creatures vanquished.

Vanquished Creatures (others)
  A wight (D:8)
  5 plants
6 creatures vanquished.

Grand Total: 276 creatures vanquished

Notes
Turn   | Place    | Note
-------+----------+-------------------------------------------
     0 | D:1      | HungrySpirit the Deep Dwarf Assassin began the quest for
                  | the Orb.
     0 | D:1      | Reached XP level 1. HP: 19/19 MP: 1/1
   103 | D:1      | Reached XP level 2. HP: 26/26 MP: 2/2
   129 | D:1      | Reached skill level 1 in Armour
   508 | D:2      | Reached XP level 3. HP: 18/33 MP: 3/3
   622 | D:2      | Found a radiant altar of Vehumet.
   624 | D:2      | Found a hazy altar of Hepliaklqana.
   731 | D:2      | Reached XP level 4. HP: 16/42 MP: 4/4
  1282 | D:3      | Reached XP level 5. HP: 34/50 MP: 4/4
  1467 | D:3      | Noticed Terence
  1499 | D:3      | Killed Terence
  1552 | D:3      | Reached skill level 1 in Axes
  1580 | D:3      | Found a runed translucent door.
  1581 | D:3      | Noticed Crazy Yiuf
  1715 | D:3      | Noticed Robin
  1775 | D:3      | Killed Robin
  1912 | D:3      | Reached skill level 2 in Axes
  2223 | D:3      | Found a blossoming altar of Fedhas.
  2228 | D:3      | Found a white marble altar of Elyvilon.
  2347 | D:2      | Found a hide-covered altar of Uskayaw.
  2347 | D:2      | Found a shimmering altar of Xom.
  2350 | D:2      | Found a sacrificial altar of Ru.
  2420 | D:4      | Reached XP level 6. HP: 37/58 MP: 4/4
  2426 | D:4      | Found an opulent altar of Gozag.
  2514 | D:4      | Reached skill level 3 in Axes
  2822 | D:4      | Noticed a slave
  2822 | D:4      | Noticed a slave
  2822 | D:4      | Noticed a slave
  2982 | D:4      | Reached skill level 4 in Axes
  2982 | D:4      | Reached XP level 7. HP: 49/66 MP: 5/5
  3217 | D:4      | Noticed Pikel
  3227 | D:4      | Killed Pikel
  3227 | D:4      | Reached skill level 5 in Fighting
  3227 | D:4      | Reached skill level 6 in Axes
  3227 | D:4      | Reached skill level 5 in Armour
  3227 | D:4      | Reached XP level 8. HP: 58/75 MP: 5/5
  3315 | D:5      | Entered Level 5 of the Dungeon
  3335 | D:5      | Found Uptigi's Book Emporium.
  4042 | D:6      | Reached skill level 7 in Axes
  4650 | D:6      | Reached skill level 8 in Axes
  4683 | D:7      | Gained mutation: You passively map the area around you.
                  | [Deep Dwarf growth]
  4683 | D:7      | Reached XP level 9. HP: 22/84 MP: 5/5
  5002 | D:7      | Found a staircase to the Ecumenical Temple.
  5092 | Temple   | Entered the Ecumenical Temple
  5145 | Temple   | Became a worshipper of Makhleb the Destroyer
  5591 | D:8      | Found Lugij's Antique Armour Emporium.
  5598 | D:8      | Bought a spiked helmet for 237 gold pieces
  5610 | D:7      | Identified the +2 helmet of Indemnity {Regen+ MP+9 Dex-3}
                  | (You bought it in a shop on level 8 of the Dungeon)
  5831 | D:8      | Noticed a two-headed ogre
  5926 | D:8      | Killed a two-headed ogre
  5926 | D:8      | Reached skill level 9 in Axes
  6116 | D:8      | Noticed Gastronok
  6148 | D:8      | Killed Gastronok
  6148 | D:8      | Reached skill level 10 in Axes
  6148 | D:8      | Reached XP level 10. HP: 39/96 MP: 4/4
  6187 | D:8      | Found Lioghegupe's Assorted Antiques.
  6193 | D:8      | Noticed a two-headed ogre
  6242 | D:8      | Killed a two-headed ogre
  6242 | D:8      | Reached skill level 11 in Axes
  6376 | D:8      | Reached * piety under Makhleb
  6777 | D:9      | Noticed Harold
  7589 | D:9      | Reached skill level 1 in Shields
  7624 | D:9      | Reached ** piety under Makhleb
  7641 | D:9      | Noticed Maurice
  7759 | D:9      | Reached skill level 12 in Axes
  8137 | D:9      | Reached XP level 11. HP: 97/104 MP: 4/4
  8164 | D:9      | Found a staircase to the Orcish Mines.
  8232 | D:9      | Killed Harold
  8703 | D:9      | Killed Maurice
  8868 | D:10     | Entered Level 10 of the Dungeon
  8879 | D:10     | Reached *** piety under Makhleb
  9099 | D:10     | Paralysed by a hornet for 2 turns
  9396 | D:10     | HP: 5/104 [polar bear (2)]
  9396 | D:10     | Slain by a polar bear

Illustrated notes

Levels and vault maps discovered:
D:1:      psy_arrival_dodecagon, layout_basic
D:2:      layout_loops_ring, nicolae_overflow_hidden_temple
D:3:      layout_loops_ring, minitemple, first_ration,
          chequers_serial_rivers_small_3, minmay_circle_x,
          uniq_crazy_yiuf_cottage, uniq_robin, uniq_terence
D:4:      layout_basic, grunt_gozag_breadcrumbs, uniq_pikel
D:5:      layout_rooms, serial_shops, shop
D:6:      layout_rooms, minmay_misc_feat_square
D:7:      layout_layer_cave, minmay_temple_entry_purple_smoke
D:8:      layout_loops_cross, serial_shops, nicolae_shop_stone, shop_fountains,
          serial_bayou, serial_bayou_lagoon_b, uniq_gastronok
D:9:      layout_cave_pools, david_orc_4, serial_bayou_pond_a, uniq_maurice,
          uniq_harold
D:10:     minmay_general_purpose_star, layout_long_grid, serial_ice,
          serial_ice_f, serial_ice_h, serial_ice_c, serial_ice_o
Temple:   dpeg_chambers_temple

Skill      XL: |  1  2  3  4  5  6  7  8  9 10 11 |
---------------+----------------------------------+-----
Fighting       | 2 3 4 5 6 7 8 |  8.8
Armour         | 1 2 3 4 5 6 8 9 |  9.6
Axes           | 2 4 6 8 10 12 | 12.6
Shields        | 2 3 |  3.4
Dodging        | 2 3 |  3.7
Short Blades   | |  1.7
Throwing       | |  1.7
Stealth        | |  4.8

Action                   |  1- 3 |  4- 6 |  7- 9 | 10-12 || total
-------------------------+-------+-------+-------+-------++-------
Melee: Dagger            |    79 |   308 |     7 |       ||   394
       Hand axe          |       |       |   293 |       ||   293
       Broad axe         |       |       |    67 |   494 ||   561
Throw: Dart              |       |    25 |    49 |    71 ||   145
       Throwing net      |       |       |       |     8 ||     8
 Abil: Heal Wounds       |       |     4 |    12 |     9 ||    25
Evoke: Wand              |       |       |    20 |    11 ||    31
  Use: Scroll            |       |       |    14 |     2 ||    16
       Potion            |       |       |       |     3 ||     3
 Stab: Sleeping          |    11 |     7 |       |       ||    18
       Distracted        |     1 |     1 |       |       ||     2
  Eat: Chunk             |       |     7 |     9 |    10 ||    26
       Ration            |       |       |     2 |     7 ||     9
Armor: Robe              |    15 |    11 |       |       ||    26
       Scale mail        |       |    69 |    40 |       ||   109
       Leather armour    |       |     4 |       |       ||     4
       Plate armour      |       |       |   203 |   409 ||   612
Dodge: Dodged            |    30 |   132 |    99 |   194 ||   455
       Repelled          |       |     1 |     4 |    10 ||    15
